 Dungeon Crawl Stone Soup version 0.23-a0-299-g9a66eeb (webtiles) character file.

65 epen the Poker (level 4, -2/37 HPs)
             Began as a Merfolk Monk on Oct 6, 2018.
             Slain by an adder (4 damage)
             ... on level 1 of the Dungeon.
             The game lasted 00:03:58 (1944 turns).

epen the Poker (Merfolk Monk)                       Turns: 1944, Time: 00:03:59

Health: -2/37      AC:  2    Str:  9 (12) XL:     4   Next: 14%
Magic:  4/4        EV: 14    Int:  6 (9)  God:
Gold:   68         SH:  0    Dex: 15 (16) Spells: 3/3 levels left

rFire    . . .     SeeInvis .   a - +0 spear
rCold    . . .     Gourm    .   (no shield)
rNeg     . . .     Faith    .   b - +0 robe
rPois    .         Spirit   .   (no helmet)
rElec    .         Reflect  .   (no cloak)
rCorr    .         Harm     .   (no gloves)
MR       .....                  (no boots)
Stlth    ++........             (no amulet)
HPRegen  0.12/turn              (no ring)
MPRegen  0.09/turn              (no ring)

@: lethally poisoned (-2 -> -3)
A: change form in water, swift swim, stealthy swim
a: no special abilities


You were on level 1 of the Dungeon.
You were not hungry.

You visited 1 branch of the dungeon, and saw 2 of its levels.

You collected 68 gold pieces.

Inventory:

Hand Weapons
 a - a +0 spear (weapon)
Armour
 b - a +0 robe (worn)
Jewellery
 f - an uncursed ring of ice
Scrolls
 h - a scroll of enchant weapon {unknown}
 i - a scroll of teleportation {unknown}
Potions
 g - a potion of lignification
Comestibles
 c - 5 rations
 j - a chunk of flesh


   Skills:
 + Level 3.7 Fighting
 * Level 5.7 Polearms
 + Level 1.0 Armour
 + Level 4.5 Dodging
 - Level 2.1 Stealth


You had 3 spell levels left.
You didn't know any spells.
Your spell library was empty.

Dungeon Overview and Level Annotations

Branches:
Dungeon (2/15)

Altars:


Message History

You closely miss the adder. The adder bites you.
You completely miss the adder. The adder bites you.
* * * LOW HITPOINT WARNING * * *
You are poisoned.
The adder poisons you!
You hit the adder but do no damage.
You feel sick. The adder bites you.
* * * LOW HITPOINT WARNING * * *
You hit the adder.
The adder is lightly wounded.
The adder bites you.
* * * LOW HITPOINT WARNING * * *
You miss the adder.
The adder is lightly wounded.
The adder closely misses you.
As you read the scroll labeled HATYVACAPT, it crumbles to dust.
It is a scroll of amnesia.
You feel forgetful for a moment.
* * * LOW HITPOINT WARNING * * *
You feel sick. The adder bites you.
You die...

.....####.......##....#
...#...###......###...#
........##.......>##..###
...##†..................#
########.#......##......#
### #........##......#
..#
###......######.######
..# ####.####..........#
..# #...@#..........# ..#
####S...........# ###
##...........#
##..........#
#..........# ############


You could see an adder.

Vanquished Creatures
  2 adders (D:2)
  2 dart slugs (D:1)
  3 bats
  2 giant cockroaches
  5 goblins
  6 hobgoblins
  7 jackals (D:1)
  6 frilled lizards
  2 kobolds
  8 rats
43 creatures vanquished.

Notes
Turn   | Place    | Note
-------+----------+-------------------------------------------
     0 | D:1      | epen the Merfolk Monk began the quest for the Orb.
     0 | D:1      | Reached XP level 1. HP: 18/18 MP: 1/1
    29 | D:1      | Reached XP level 2. HP: 18/24 MP: 2/2
   279 | D:1      | Reached skill level 5 in Polearms
   536 | D:1      | Reached XP level 3. HP: 29/29 MP: 3/3
  1439 | D:2      | Reached XP level 4. HP: 21/37 MP: 4/4
  1440 | D:2      | Reached skill level 1 in Armour
  1944 | D:1      | Slain by an adder

Vault maps used:
D:1:      dpeg_arrival_boxorama

Skill      XL: |  1  2  3  4 |
---------------+-------------+-----
Polearms       | 5 |  5.7
Armour         | 1 |  1.0
Fighting       | |  3.7
Dodging        | |  4.5
Stealth        | |  2.1

Action                   |  1- 3 |  4- 6 || total
-------------------------+-------+-------++-------
Melee: Spear             |   136 |    35 ||   171
  Use: Potion            |     1 |     2 ||     3
       Scroll            |       |     2 ||     2
 Stab: Sleeping          |     7 |     1 ||     8
       Distracted        |     1 |       ||     1
  Eat: Chunk             |     2 |     1 ||     3
Armor: Robe              |    17 |     1 ||    18
       Skin              |     1 |       ||     1
Dodge: Dodged            |   102 |    30 ||   132

Table legend:
 A = Non-vault XP
 B = Vault XP
 C = Vault XP percentage of total XP
 D = Non-vault monster count
 E = Vault monster count
 F = Vault count percentage of total count
                 A         B        C        D         E       F
            +---------+---------+-------+---------+---------+-------
      Total |      94 |       0 |   0.0 |      43 |       0 |   0.0
            +---------+---------+-------+---------+---------+-------
        D:1 |      36 |       0 |   0.0 |      19 |       0 |   0.0
        D:2 |      58 |       0 |   0.0 |      24 |       0 |   0.0
            +---------+---------+-------+---------+---------+-------
